Login

Boston Bruins vs Detroit Red Wings

Created - 02 May 2024 at 23:08

Goals
1 2 3 T
Boston Bruins 0 0 0 0
Detroit Red Wings 2 0 0 2
Shots
1 2 3 T
Boston Bruins 9 11 8 28
Detroit Red Wings 12 14 13 39

GoalsPenalties
1st period
1. Detroit Red Wings , Daniel Sprong 4 (Trevor Van-Riemsdyk 1) at 5:18
2. Detroit Red Wings , David Perron 11 (Blake Wheeler 8, Patrice Bergeron 14) at 11:01
Milan Lucic (BOS) for Tripping (Minor) at 2:17
David Perron (DET) for Slashing (Minor) at 7:13
Andrew Copp (DET) for Hooking (Minor) at 18:43
2nd period
No Goal
Charlie McAvoy (BOS) for Interference (Minor) at 3:34
Jonathan Toews (DET) for Tripping (Minor) at 9:11
3rd period
No Goal
Charlie McAvoy (BOS) for Hooking (Minor) at 0:55
Ben Chiarot (DET) for Roughing (Minor) at 5:27
David Perron (DET) for Hooking (Minor) at 8:25
Hampus Lindholm (BOS) for Charging (Minor) at 18:00
Goalie Stats
Petr Mrazek (BOS), 37 saves from 39 shots - (0.949), L, 1-3-1, 60:00 minutes
James Reimer (DET), 28 saves from 28 shots - (1.000), W, 3-2-0, 60:00 minutes
3 StarsOfficial
1 - James Reimer (DET)
2 - Petr Mrazek (BOS)
3 - Daniel Sprong (DET)
Referees : Peter MacDougall and Tim Mayer
Linesman : Luke Murray and Trent Knorr
Game Note
Jeff Petry is injured at 8:12 of 1st period (Concussion)
13:45 of 2nd period - Penalty Shot by Ben Chiarot for Detroit Red Wings - Stopped by Petr Mrazek
Finance
Level 1 -- Attendance: 6000 (100.00%) -- Ticket Income $600,000
Level 2 -- Attendance: 4445 (88.90%) -- Ticket Income $266,700
Level 3 -- Attendance: 1643 (82.15%) -- Ticket Income $57,505
Level 4 -- Attendance: 2991 (74.78%) -- Ticket Income $74,775
Luxury Box -- Attendance: 972 (97.20%) -- Ticket Income $194,400
Game was played at the Little Caesars Arena.
Total Attendance: 16051 (89.17%)
Total Ticket Income: $1,193,380
Other Income: $584,756
Total Income: $1,778,136



Team Name Goals Shots Shots Attemp Shots Blocked PIM HIT PP PK FO%
Boston Bruins 02855108150 / 6 (0%)044%
Detroit Red Wings 239651210240 / 3 (0%)056%

Boston Bruins
Player Name POS G A P +/- PIM HIT SHT SB MP PP MP PP SHT PK MP PK SHT FO% FOT GA TA
Alec RegulaD000-1012220:173:2113:5700% 001
Brad MarchandLW0000015023:185:3624:040100% 210
Charlie CoyleC000-2011021:245:4504:04161% 2800
Charlie McAvoyD000-1421224:206:3401:4000% 000
Danton HeinenLW000001006:050:0000:0000% 000
David PastrnakRW0000007019:035:3610:00050% 210
Derek ForbortD0000001223:143:2105:1800% 001
Dominik KubalikLW000-2021015:324:1000:0000% 200
Erik BrannstromD0000002013:320:0000:2500% 001
Hampus LindholmD000-1211125:076:3402:3100% 011
Jake DeBruskLW000-2003019:384:1903:5200% 121
Jesper FastRW0000000011:080:0900:0000% 210
Milan LucicLW0000210011:020:0000:0000% 000
Morgan GeekieC000000106:050:0000:0000% 001
Patrick BrownC000001106:210:1600:0000% 300
Pavel ZachaC0000020121:163:5403:52041% 2710
Tony DeAngeloD000-1011113:390:0002:0100% 000
Trent FredericC0000011110:590:0000:00020% 501
Detroit Red Wings
Player Name POS G A P +/- PIM HIT SHT SB MP PP MP PP SHT PK MP PK SHT FO% FOT GA TA
Alex DeBrincatRW0000015118:243:5610:0000% 301
Andrew CoppC000120209:380:0002:52167% 300
Ben ChiarotD0000211123:563:2102:1900% 000
Blake WheelerRW0111011116:504:0010:0000% 002
Brandon SaadLW000000118:030:0000:0000% 001
Claude GirouxLW0000011118:433:5600:1900% 010
Daniel SprongRW101101306:400:0000:0000% 000
David PerronLW1011436116:524:0010:0000% 010
Dylan LarkinC0000032018:253:5610:01058% 3310
J.T. CompherRW0000011014:200:0006:1700% 000
Jeff PetryD000000011:560:3300:0800% 000
Jonathan ToewsC0000231013:464:0001:36086% 710
Justin HollD0002020223:162:3205:4000% 002
Moritz SeiderD0000041122:334:3504:1500% 011
Patrice BergeronC0111016018:200:0005:36150% 2610
Shayne GostisbehereD0000015023:274:5101:4800% 010
Trevor MooreLW000100109:560:0003:0900% 000
Trevor Van-RiemsdykD0112012224:540:0005:4000% 000

Boston Bruins

5 vs 5 Forward
Line #Left WingCenterRight WingPHYDFOFWanted %Time %Time Play
1Brad MarchandPavel ZachaDavid Pastrnak0413432%13:38
2Dominik KubalikCharlie CoyleJake DeBrusk0413027%11:27
3Milan LucicTrent FredericJesper Fast0412426%10:59
4Danton HeinenPatrick BrownMorgan Geekie0501214%6:05
5 vs 5 Defense
Line #DefenseDefensePHYDFOFWanted %Time %Time Play
1Hampus LindholmCharlie McAvoy0413838%16:03
2Derek ForbortErik Brannstrom0413535%14:35
3Tony DeAngeloAlec Regula1312727%11:31
4Hampus LindholmCharlie McAvoy11300%0:00
Power Play Forward
Line #Left WingCenterRight WingPHYDFOFWanted %Time %Time Play
1Brad MarchandCharlie CoyleDavid Pastrnak0146058%5:45
2Jake DeBruskPavel ZachaDominik Kubalik0144042%4:10
Power Play Defense
Line #DefenseDefensePHYDFOFWanted %Time %Time Play
1Hampus LindholmCharlie McAvoy0146066%6:34
2Alec RegulaDerek Forbort0144034%3:21
Penalty Kill 4 Players Forward
Line #CenterWingPHYDFOFWanted %Time %Time Play
1Charlie CoyleBrad Marchand0415051%4:04
2Pavel ZachaJake DeBrusk0325049%3:52
Penalty Kill 4 Players Defense
Line #DefenseDefensePHYDFOFWanted %Time %Time Play
1Hampus LindholmCharlie McAvoy1405050%3:59
2Alec RegulaDerek Forbort1405050%3:57
Penalty Kill 3 Players
Line #WingPHYDFOFWanted %Time %Time PlayDefenseDefensePHYDFOFWanted %Time %Time Play
1Charlie Coyle230500%0:00 Hampus LindholmCharlie McAvoy140500%0:00
2Pavel Zacha140500%0:00 Alec RegulaDerek Forbort050500%0:00
4 vs 4 Forward
Line #CenterWingPHYDFOFWanted %Time %Time Play
1Charlie CoyleBrad Marchand122600%0:00
2Pavel ZachaJake DeBrusk122400%0:00
4 vs 4 Defense
Line #DefensePHYDFOFWanted %Time %Time Play
1Hampus LindholmCharlie McAvoy122600%0:00
2Alec RegulaDerek Forbort122400%0:00
Last Minutes Offensive
Left WingCenterRight WingDefenseDefense
Brad MarchandCharlie CoyleDavid PastrnakHampus LindholmCharlie McAvoy
Last Minutes Defensive
Left WingCenterRight WingDefenseDefense
Brad MarchandCharlie CoyleDavid PastrnakHampus LindholmCharlie McAvoy
Time
Total ForwardTotal DefenseLast Minutes OffensiveLast Minutes Defensive
60:00 60:00 0:000:00
Extra Forwards
Normal PowerPlayPenalty Kill
Pavel Zacha, Dominik Kubalik, Milan LucicPavel Zacha, Dominik KubalikPavel Zacha
Extra Defensemen
Normal PowerPlayPenalty Kill
Derek Forbort, Tony DeAngelo, Erik BrannstromDerek Forbort, Derek ForbortTony DeAngelo
Penalty Shots
David Pastrnak, Brad Marchand, Charlie Coyle, Jake DeBrusk, Pavel Zacha
Goalie
Petr Mrazek, Linus Ullmark
Custom OT Lines Forwards
David Pastrnak, Brad Marchand, Charlie Coyle, Jake DeBrusk, Pavel Zacha, Dominik Kubalik, Milan Lucic, Tony DeAngelo, Trent Frederic, Morgan Geekie
Custom OT Lines Defensemen
Hampus Lindholm, Charlie McAvoy, Alec Regula, Derek Forbort, Tony DeAngelo
Scratches
Jesper Boqvist (Healthy), Brandon Carlo (Left Forearm Injury), Jakub Zboril (Healthy)

Detroit Red Wings

5 vs 5 Forward
Line #Left WingCenterRight WingPHYDFOFWanted %Time %Time Play
1Claude GirouxDylan LarkinAlex DeBrincat1223834%14:28
2David PerronPatrice BergeronBlake Wheeler1223431%12:58
3Brandon SaadJonathan ToewsJ.T. Compher1222019%8:03
4Trevor MooreAndrew CoppDaniel Sprong122816%6:40
5 vs 5 Defense
Line #DefenseDefensePHYDFOFWanted %Time %Time Play
1Moritz SeiderJeff Petry1223638%15:54
2Ben ChiarotShayne Gostisbehere1223433%13:55
3Trevor Van-RiemsdykJustin Holl2213029%12:20
4Trevor Van-RiemsdykJustin Holl12200%0:00
Power Play Forward
Line #Left WingCenterRight WingPHYDFOFWanted %Time %Time Play
1Claude GirouxDylan LarkinAlex DeBrincat1136050%3:56
2David PerronJonathan ToewsBlake Wheeler1134050%4:00
Power Play Defense
Line #DefenseDefensePHYDFOFWanted %Time %Time Play
1Moritz SeiderShayne Gostisbehere1226058%4:35
2Ben ChiarotJeff Petry1224042%3:21
Penalty Kill 4 Players Forward
Line #CenterWingPHYDFOFWanted %Time %Time Play
1Patrice BergeronJ.T. Compher1316068%6:46
2Andrew CoppTrevor Moore1314032%3:09
Penalty Kill 4 Players Defense
Line #DefenseDefensePHYDFOFWanted %Time %Time Play
1Trevor Van-RiemsdykJustin Holl1316057%5:40
2Jeff PetryMoritz Seider1314043%4:15
Penalty Kill 3 Players
Line #WingPHYDFOFWanted %Time %Time PlayDefenseDefensePHYDFOFWanted %Time %Time Play
1Patrice Bergeron140600%0:00 Trevor Van-RiemsdykJustin Holl140600%0:00
2Andrew Copp140400%0:00 Jeff PetryMoritz Seider140400%0:00
4 vs 4 Forward
Line #CenterWingPHYDFOFWanted %Time %Time Play
1Dylan LarkinAlex DeBrincat122600%0:00
2Patrice BergeronClaude Giroux122400%0:00
4 vs 4 Defense
Line #DefensePHYDFOFWanted %Time %Time Play
1Jeff PetryMoritz Seider122600%0:00
2Ben ChiarotShayne Gostisbehere122400%0:00
Last Minutes Offensive
Left WingCenterRight WingDefenseDefense
Claude GirouxDylan LarkinAlex DeBrincatJeff PetryMoritz Seider
Last Minutes Defensive
Left WingCenterRight WingDefenseDefense
Claude GirouxDylan LarkinPatrice BergeronMoritz SeiderJustin Holl
Time
Total ForwardTotal DefenseLast Minutes OffensiveLast Minutes Defensive
60:00 60:00 0:000:00
Extra Forwards
Normal PowerPlayPenalty Kill
Jonathan Toews, Dylan Larkin, Patrice BergeronPatrice Bergeron, Claude GirouxJonathan Toews
Extra Defensemen
Normal PowerPlayPenalty Kill
Trevor Van-Riemsdyk, Moritz Seider, Jeff PetryJustin Holl, Ben ChiarotShayne Gostisbehere
Penalty Shots
David Perron, Alex DeBrincat, Jonathan Toews, Dylan Larkin, Trevor Moore
Goalie
James Reimer, Ville Husso
Custom OT Lines Forwards
Dylan Larkin, Claude Giroux, Patrice Bergeron, Alex DeBrincat, David Perron, J.T. Compher, Blake Wheeler, Jonathan Toews, Daniel Sprong, Andrew Copp
Custom OT Lines Defensemen
Shayne Gostisbehere, Moritz Seider, Jeff Petry, Ben Chiarot, Justin Holl
Scratches
Michael Rasmussen (Healthy), Joe Veleno (Healthy), Jake Walman (Healthy), Alex Lyon (Healthy)


Play-by-Play

1st period


0:01 of 1st period - Brad Marchand wins face-off versus Dylan Larkin in neutral zone.
0:24 of 1st period - Icing by Charlie McAvoy.
0:25 of 1st period - Patrice Bergeron wins face-off versus Jake DeBrusk in Boston Bruins zone.
0:34 of 1st period - Snap shot by Patrice Bergeron.
0:34 of 1st period - Deflect By Blake Wheeler.
0:34 of 1st period - Shot Misses the Net.
0:34 of 1st period - Puck is out of play.
0:35 of 1st period - Jonathan Toews wins face-off versus Trent Frederic in Boston Bruins zone.
2:17 of 1st period - Minor Penalty to Milan Lucic for Tripping.
2:18 of 1st period - Jonathan Toews wins face-off versus Charlie Coyle in Boston Bruins zone.
2:28 of 1st period - Wrist shot by Shayne Gostisbehere.
2:28 of 1st period - Shot Blocked by Charlie McAvoy.
2:32 of 1st period - Wrist shot by David Perron.
2:32 of 1st period - Stopped by Petr Mrazek without a rebound.
2:33 of 1st period - Dylan Larkin wins face-off versus Pavel Zacha in Boston Bruins zone.
2:41 of 1st period - Icing by Moritz Seider.
2:42 of 1st period - Pavel Zacha wins face-off versus Dylan Larkin in Detroit Red Wings zone.
3:26 of 1st period - Wrist shot by Dylan Larkin.
3:26 of 1st period - Deflect By Alex DeBrincat.
3:26 of 1st period - Shot Misses the Net.
3:26 of 1st period - Puck is out of play.
3:27 of 1st period - Charlie Coyle wins face-off versus Jonathan Toews in Boston Bruins zone.
4:17 of 1st period - Penalty to Milan Lucic is over, Milan Lucic is back on ice.
4:44 of 1st period - Snap shot by J.T. Compher.
4:44 of 1st period - Shot Misses the Net.
5:18 of 1st period - Snap shot by Daniel Sprong.
5:18 of 1st period - Goal by Daniel Sprong - Boston Bruins : 0 - Detroit Red Wings : 1.
5:19 of 1st period - Charlie Coyle wins face-off versus Patrice Bergeron in neutral zone.
5:24 of 1st period - Wrist shot by Jake DeBrusk.
5:24 of 1st period - Stopped by James Reimer without a rebound.
5:25 of 1st period - Patrice Bergeron wins face-off versus Charlie Coyle in Detroit Red Wings zone.
5:51 of 1st period - Off-side.
5:52 of 1st period - Dylan Larkin wins face-off versus Pavel Zacha in neutral zone.
5:55 of 1st period - Wrist shot by Claude Giroux.
5:55 of 1st period - Shot Misses the Net.
6:05 of 1st period - Wrist shot by Brad Marchand.
6:05 of 1st period - Stopped by James Reimer with a rebound.
6:07 of 1st period - Wrist shot by Tony DeAngelo.
6:07 of 1st period - Shot Blocked by Claude Giroux.
6:09 of 1st period - Snap shot by Brad Marchand.
6:09 of 1st period - Deflect By Dylan Larkin.
6:09 of 1st period - Shot Misses the Net.
6:09 of 1st period - Puck is out of play.
6:10 of 1st period - Patrice Bergeron wins face-off versus Charlie Coyle in Detroit Red Wings zone.
6:10 of 1st period - Patrice Bergeron is hit by Charlie McAvoy.
6:26 of 1st period - Wrist shot by David Perron.
6:26 of 1st period - Stopped by Petr Mrazek with a rebound.
6:36 of 1st period - Shayne Gostisbehere is hit by Hampus Lindholm and loses puck.
7:05 of 1st period - Slapshot by Jonathan Toews.
7:05 of 1st period - Stopped by Petr Mrazek without a rebound.
7:06 of 1st period - Charlie Coyle wins face-off versus Patrice Bergeron in Boston Bruins zone.
7:06 of 1st period - Charlie Coyle is hit by Blake Wheeler.
7:13 of 1st period - Minor Penalty to David Perron for Slashing.
7:14 of 1st period - Charlie Coyle wins face-off versus Patrice Bergeron in Detroit Red Wings zone.
7:17 of 1st period - Wrist shot by David Pastrnak.
7:17 of 1st period - Stopped by James Reimer without a rebound.
7:18 of 1st period - Patrice Bergeron wins face-off versus Charlie Coyle in Detroit Red Wings zone.
8:04 of 1st period - Snap shot by Andrew Copp.
8:04 of 1st period - Stopped by Petr Mrazek without a rebound.
8:05 of 1st period - Charlie Coyle wins face-off versus Patrice Bergeron in Boston Bruins zone.
8:10 of 1st period - Slapshot by Brad Marchand.
8:10 of 1st period - Stopped by James Reimer with a rebound.
8:12 of 1st period - Wrist shot by Brad Marchand.
8:12 of 1st period - Shot Blocked by Jeff Petry.
8:12 of 1st period - Jeff Petry from Detroit Red Wings is injured at 8:12 of 1st period (Concussion).
8:13 of 1st period - Patrice Bergeron wins face-off versus Charlie Coyle in Detroit Red Wings zone.
9:13 of 1st period - Penalty to David Perron is over, David Perron is back on ice.
9:44 of 1st period - Snap shot by J.T. Compher.
9:44 of 1st period - Stopped by Petr Mrazek with a rebound.
9:52 of 1st period - Snap shot by Jesper Fast.
9:52 of 1st period - Shot Hit the Post.
9:54 of 1st period - Wrist shot by Jesper Fast.
9:54 of 1st period - Shot Misses the Net.
9:58 of 1st period - Snap shot by Charlie McAvoy.
9:58 of 1st period - Shot Misses the Net.
10:04 of 1st period - Charlie McAvoy is hit by Ben Chiarot.
10:16 of 1st period - Patrick Brown is hit by Justin Holl and loses puck.
10:21 of 1st period - Wrist shot by Patrice Bergeron.
10:21 of 1st period - Stopped by Petr Mrazek without a rebound.
10:22 of 1st period - Pavel Zacha wins face-off versus Dylan Larkin in Boston Bruins zone.
10:27 of 1st period - Alex DeBrincat is hit by Tony DeAngelo and loses puck.
10:50 of 1st period - Jake DeBrusk is hit by Patrice Bergeron and loses puck.
10:57 of 1st period - Snap shot by David Perron.
10:57 of 1st period - Stopped by Petr Mrazek with a rebound.
10:59 of 1st period - Wrist shot by Blake Wheeler.
10:59 of 1st period - Shot Blocked by Tony DeAngelo.
11:01 of 1st period - Snap shot by David Perron.
11:01 of 1st period - Goal by David Perron - Boston Bruins : 0 - Detroit Red Wings : 2.
11:02 of 1st period - Dylan Larkin wins face-off versus Pavel Zacha in neutral zone.
11:13 of 1st period - Snap shot by David Pastrnak.
11:13 of 1st period - Shot Misses the Net.
11:19 of 1st period - Justin Holl is hit by Pavel Zacha.
11:53 of 1st period - Snap shot by Hampus Lindholm.
11:53 of 1st period - Shot Misses the Net.
12:01 of 1st period - Snap shot by Charlie McAvoy.
12:01 of 1st period - Deflect By Jesper Fast.
12:01 of 1st period - Shot Blocked by Brandon Saad.
12:01 of 1st period - Puck is out of play.
12:02 of 1st period - Pavel Zacha wins face-off versus Dylan Larkin in Detroit Red Wings zone.
12:29 of 1st period - Ben Chiarot is hit by Charlie Coyle and loses puck.
13:37 of 1st period - Wrist shot by David Pastrnak.
13:37 of 1st period - Shot Misses the Net.
13:45 of 1st period - Hampus Lindholm is hit by Alex DeBrincat and loses puck.
14:01 of 1st period - Dominik Kubalik is hit by David Perron and loses puck.
14:24 of 1st period - Icing by Jonathan Toews.
14:25 of 1st period - Jonathan Toews wins face-off versus Pavel Zacha in Detroit Red Wings zone.
14:30 of 1st period - David Pastrnak is hit by Moritz Seider and loses puck.
14:43 of 1st period - Wrist shot by Jonathan Toews.
14:43 of 1st period - Shot Blocked by Pavel Zacha.
14:45 of 1st period - Snap shot by Brandon Saad.
14:45 of 1st period - Stopped by Petr Mrazek without a rebound.
14:46 of 1st period - Charlie Coyle wins face-off versus Dylan Larkin in Boston Bruins zone.
15:12 of 1st period - Icing by Hampus Lindholm.
15:13 of 1st period - Patrice Bergeron wins face-off versus David Pastrnak in Boston Bruins zone.
15:26 of 1st period - Snap shot by Brad Marchand.
15:26 of 1st period - Stopped by James Reimer with a rebound.
15:28 of 1st period - Slapshot by Hampus Lindholm.
15:28 of 1st period - Shot Misses the Net.
15:30 of 1st period - Snap shot by Brad Marchand.
15:30 of 1st period - Deflect By David Pastrnak.
15:30 of 1st period - Stopped by James Reimer without a rebound.
15:31 of 1st period - Trent Frederic wins face-off versus Dylan Larkin in Detroit Red Wings zone.
16:39 of 1st period - Charlie McAvoy is hit by Trevor Van-Riemsdyk and loses puck.
16:48 of 1st period - Snap shot by Daniel Sprong.
16:48 of 1st period - Shot Blocked by Hampus Lindholm.
16:50 of 1st period - Slapshot by Trevor Van-Riemsdyk.
16:50 of 1st period - Stopped by Petr Mrazek without a rebound.
16:51 of 1st period - Dylan Larkin wins face-off versus Pavel Zacha in Boston Bruins zone.
16:58 of 1st period - Wrist shot by Alex DeBrincat.
16:58 of 1st period - Stopped by Petr Mrazek with a rebound.
17:44 of 1st period - Jake DeBrusk is hit by Moritz Seider and loses puck.
17:55 of 1st period - Off-side.
17:56 of 1st period - Pavel Zacha wins face-off versus Andrew Copp in neutral zone.
18:07 of 1st period - Wrist shot by David Pastrnak.
18:07 of 1st period - Stopped by James Reimer with a rebound.
18:09 of 1st period - Slapshot by Alec Regula.
18:09 of 1st period - Deflect By Andrew Copp.
18:09 of 1st period - Stopped by James Reimer with a rebound.
18:11 of 1st period - Snap shot by Pavel Zacha.
18:11 of 1st period - Shot Misses the Net.
18:13 of 1st period - Slapshot by David Pastrnak.
18:13 of 1st period - Stopped by James Reimer with a rebound.
18:31 of 1st period - Backhand shot by Tony DeAngelo.
18:31 of 1st period - Shot Blocked by Moritz Seider.
18:33 of 1st period - Wrist shot by Jesper Fast.
18:33 of 1st period - Shot Misses the Net.
18:43 of 1st period - Minor Penalty to Andrew Copp for Hooking.
18:44 of 1st period - Charlie Coyle wins face-off versus Patrice Bergeron in Detroit Red Wings zone.
19:11 of 1st period - Trevor Van-Riemsdyk is hit by Dominik Kubalik.
Goals for this period are 0 for Boston Bruins vs 2 for Detroit Red Wings.
Shots for this period are 9 for Boston Bruins vs 12 for Detroit Red Wings.

2nd period


0:01 of 2nd period - David Pastrnak wins face-off versus Patrice Bergeron in neutral zone.
0:43 of 2nd period - Penalty to Andrew Copp is over, Andrew Copp is back on ice.
0:58 of 2nd period - Slapshot by Shayne Gostisbehere.
0:58 of 2nd period - Shot Misses the Net.
1:00 of 2nd period - Snap shot by Ben Chiarot.
1:00 of 2nd period - Shot Blocked by Trent Frederic.
1:04 of 2nd period - Snap shot by Daniel Sprong.
1:04 of 2nd period - Stopped by Petr Mrazek with a rebound.
1:06 of 2nd period - Slapshot by Daniel Sprong.
1:06 of 2nd period - Stopped by Petr Mrazek without a rebound.
1:07 of 2nd period - Dylan Larkin wins face-off versus Pavel Zacha in Boston Bruins zone.
1:10 of 2nd period - Wrist shot by Dylan Larkin.
1:10 of 2nd period - Shot Misses the Net.
1:20 of 2nd period - Derek Forbort is hit by Moritz Seider and loses puck.
3:07 of 2nd period - Wrist shot by Patrice Bergeron.
3:07 of 2nd period - Stopped by Petr Mrazek with a rebound.
3:34 of 2nd period - Minor Penalty to Charlie McAvoy for Interference.
3:35 of 2nd period - Pavel Zacha wins face-off versus Dylan Larkin in Boston Bruins zone.
3:51 of 2nd period - Snap shot by Charlie Coyle.
3:51 of 2nd period - Stopped by James Reimer without a rebound.
3:52 of 2nd period - Dylan Larkin wins face-off versus Pavel Zacha in Detroit Red Wings zone.
4:39 of 2nd period - Icing by Ben Chiarot.
4:40 of 2nd period - Pavel Zacha wins face-off versus Dylan Larkin in Detroit Red Wings zone.
5:21 of 2nd period - Pavel Zacha is hit by Jonathan Toews and loses puck.
5:34 of 2nd period - Penalty to Charlie McAvoy is over, Charlie McAvoy is back on ice.
5:40 of 2nd period - Slapshot by David Perron.
5:40 of 2nd period - Stopped by Petr Mrazek without a rebound.
5:41 of 2nd period - Dylan Larkin wins face-off versus Trent Frederic in Boston Bruins zone.
6:18 of 2nd period - Wrist shot by Brad Marchand.
6:18 of 2nd period - Deflect By David Pastrnak.
6:18 of 2nd period - Stopped by James Reimer with a rebound.
6:37 of 2nd period - Wrist shot by Jake DeBrusk.
6:37 of 2nd period - Shot Blocked by Ben Chiarot.
7:03 of 2nd period - Claude Giroux is hit by Danton Heinen and loses puck.
7:14 of 2nd period - Snap shot by David Pastrnak.
7:14 of 2nd period - Stopped by James Reimer without a rebound.
7:15 of 2nd period - Patrice Bergeron wins face-off versus Pavel Zacha in Detroit Red Wings zone.
7:20 of 2nd period - Derek Forbort is hit by Justin Holl and loses puck.
7:29 of 2nd period - Snap shot by Patrice Bergeron.
7:29 of 2nd period - Stopped by Petr Mrazek without a rebound.
7:30 of 2nd period - Dylan Larkin wins face-off versus Dominik Kubalik in Boston Bruins zone.
7:41 of 2nd period - Wrist shot by Claude Giroux.
7:41 of 2nd period - Shot Misses the Net.
7:43 of 2nd period - Snap shot by Claude Giroux.
7:43 of 2nd period - Stopped by Petr Mrazek with a rebound.
7:45 of 2nd period - Snap shot by Alex DeBrincat.
7:45 of 2nd period - Stopped by Petr Mrazek without a rebound.
7:46 of 2nd period - Patrice Bergeron wins face-off versus Pavel Zacha in Boston Bruins zone.
7:55 of 2nd period - Snap shot by David Pastrnak.
7:55 of 2nd period - Deflect By Brad Marchand.
7:55 of 2nd period - Shot Blocked by David Perron.
7:55 of 2nd period - Puck is out of play.
7:56 of 2nd period - Patrice Bergeron wins face-off versus Pavel Zacha in Detroit Red Wings zone.
8:11 of 2nd period - Wrist shot by Brad Marchand.
8:11 of 2nd period - Shot Blocked by Blake Wheeler.
8:13 of 2nd period - Slapshot by Erik Brannstrom.
8:13 of 2nd period - Stopped by James Reimer with a rebound.
8:17 of 2nd period - Backhand shot by David Pastrnak.
8:17 of 2nd period - Deflect By Brad Marchand.
8:17 of 2nd period - Stopped by James Reimer with a rebound.
8:19 of 2nd period - Slapshot by Derek Forbort.
8:19 of 2nd period - Stopped by James Reimer with a rebound.
8:23 of 2nd period - Snap shot by David Pastrnak.
8:23 of 2nd period - Deflect By Brad Marchand.
8:23 of 2nd period - Shot Blocked by Justin Holl.
8:23 of 2nd period - Puck is out of play.
8:24 of 2nd period - Charlie Coyle wins face-off versus Alex DeBrincat in Detroit Red Wings zone.
8:25 of 2nd period - Snap shot by Charlie McAvoy.
8:25 of 2nd period - Stopped by James Reimer with a rebound.
9:01 of 2nd period - Snap shot by J.T. Compher.
9:01 of 2nd period - Shot Hit the Post.
9:11 of 2nd period - Minor Penalty to Jonathan Toews for Tripping.
9:12 of 2nd period - Charlie Coyle wins face-off versus Patrice Bergeron in Detroit Red Wings zone.
9:25 of 2nd period - Snap shot by Brad Marchand.
9:25 of 2nd period - Shot Blocked by Trevor Van-Riemsdyk.
9:27 of 2nd period - Slapshot by Alec Regula.
9:27 of 2nd period - Stopped by James Reimer without a rebound.
9:28 of 2nd period - Charlie Coyle wins face-off versus Patrice Bergeron in Detroit Red Wings zone.
9:39 of 2nd period - Wrist shot by Brad Marchand.
9:39 of 2nd period - Stopped by James Reimer without a rebound.
9:40 of 2nd period - Charlie Coyle wins face-off versus Patrice Bergeron in Detroit Red Wings zone.
9:57 of 2nd period - Wrist shot by Patrice Bergeron.
9:57 of 2nd period - Stopped by Petr Mrazek with a rebound.
11:11 of 2nd period - Penalty to Jonathan Toews is over, Jonathan Toews is back on ice.
11:50 of 2nd period - Snap shot by Moritz Seider.
11:50 of 2nd period - Shot Blocked by Derek Forbort.
12:26 of 2nd period - Pavel Zacha is hit by David Perron and loses puck.
13:45 of 2nd period - Penalty Shot by Ben Chiarot for Detroit Red Wings.
13:45 of 2nd period - Wrist shot by Ben Chiarot.
13:45 of 2nd period - Stopped by Petr Mrazek.
13:46 of 2nd period - Dylan Larkin wins face-off versus Pavel Zacha in Detroit Red Wings zone.
13:51 of 2nd period - Brad Marchand is hit by Dylan Larkin and loses puck.
14:12 of 2nd period - Trent Frederic is hit by J.T. Compher and loses puck.
14:45 of 2nd period - Slapshot by Tony DeAngelo.
14:45 of 2nd period - Stopped by James Reimer with a rebound.
15:05 of 2nd period - Moritz Seider is hit by Patrick Brown and loses puck.
16:10 of 2nd period - Off-side.
16:11 of 2nd period - Dylan Larkin wins face-off versus Pavel Zacha in neutral zone.
16:14 of 2nd period - Pavel Zacha is hit by Claude Giroux and loses puck.
16:21 of 2nd period - Snap shot by Alex DeBrincat.
16:21 of 2nd period - Deflect By Dylan Larkin.
16:21 of 2nd period - Shot Misses the Net.
16:21 of 2nd period - Puck is out of play.
16:22 of 2nd period - Charlie Coyle wins face-off versus Alex DeBrincat in Boston Bruins zone.
17:19 of 2nd period - Jesper Fast is hit by Jonathan Toews and loses puck.
17:32 of 2nd period - Slapshot by Erik Brannstrom.
17:32 of 2nd period - Shot Misses the Net.
17:35 of 2nd period - Icing by Trevor Van-Riemsdyk.
17:36 of 2nd period - Andrew Copp wins face-off versus Patrick Brown in Detroit Red Wings zone.
17:43 of 2nd period - Slapshot by Moritz Seider.
17:43 of 2nd period - Stopped by Petr Mrazek with a rebound.
17:45 of 2nd period - Snap shot by Trevor Moore.
17:45 of 2nd period - Shot Blocked by Charlie McAvoy.
18:05 of 2nd period - Snap shot by Daniel Sprong.
18:05 of 2nd period - Deflect By Trevor Moore.
18:05 of 2nd period - Stopped by Petr Mrazek with a rebound.
18:07 of 2nd period - Snap shot by Trevor Moore.
18:07 of 2nd period - Shot Misses the Net.
18:11 of 2nd period - Slapshot by Moritz Seider.
18:11 of 2nd period - Shot Misses the Net.
18:13 of 2nd period - Slapshot by Trevor Van-Riemsdyk.
18:13 of 2nd period - Shot Misses the Net.
18:15 of 2nd period - Slapshot by Andrew Copp.
18:15 of 2nd period - Stopped by Petr Mrazek without a rebound.
18:16 of 2nd period - Dylan Larkin wins face-off versus Pavel Zacha in Boston Bruins zone.
18:40 of 2nd period - Icing by Shayne Gostisbehere.
18:41 of 2nd period - Patrice Bergeron wins face-off versus Dominik Kubalik in Detroit Red Wings zone.
19:07 of 2nd period - Wrist shot by David Perron.
19:07 of 2nd period - Shot Misses the Net.
19:09 of 2nd period - Snap shot by Shayne Gostisbehere.
19:09 of 2nd period - Stopped by Petr Mrazek with a rebound.
19:11 of 2nd period - Snap shot by David Perron.
19:11 of 2nd period - Shot Misses the Net.
19:13 of 2nd period - Slapshot by Shayne Gostisbehere.
19:13 of 2nd period - Stopped by Petr Mrazek with a rebound.
19:15 of 2nd period - Snap shot by Patrice Bergeron.
19:15 of 2nd period - Stopped by Petr Mrazek without a rebound.
19:16 of 2nd period - Pavel Zacha wins face-off versus Alex DeBrincat in Boston Bruins zone.
19:21 of 2nd period - Trevor Van-Riemsdyk is hit by Pavel Zacha and loses puck.
19:48 of 2nd period - Snap shot by Danton Heinen.
19:48 of 2nd period - Shot Blocked by Justin Holl.
19:50 of 2nd period - Wrist shot by Patrick Brown.
19:50 of 2nd period - Stopped by James Reimer without a rebound.
19:51 of 2nd period - Pavel Zacha wins face-off versus Patrice Bergeron in Detroit Red Wings zone.
Goals for this period are 0 for Boston Bruins vs 0 for Detroit Red Wings.
Shots for this period are 11 for Boston Bruins vs 14 for Detroit Red Wings.

3rd period


0:01 of 3rd period - Charlie Coyle wins face-off versus Dylan Larkin in neutral zone.
0:16 of 3rd period - Slapshot by Jake DeBrusk.
0:16 of 3rd period - Shot Blocked by Alex DeBrincat.
0:26 of 3rd period - David Pastrnak is hit by David Perron and loses puck.
0:40 of 3rd period - Icing by Trevor Van-Riemsdyk.
0:41 of 3rd period - Charlie Coyle wins face-off versus Patrice Bergeron in Detroit Red Wings zone.
0:42 of 3rd period - Snap shot by Jake DeBrusk.
0:42 of 3rd period - Stopped by James Reimer with a rebound.
0:55 of 3rd period - Minor Penalty to Charlie McAvoy for Hooking.
0:56 of 3rd period - Pavel Zacha wins face-off versus Dylan Larkin in Boston Bruins zone.
1:22 of 3rd period - Hampus Lindholm is hit by Jonathan Toews and loses puck.
1:43 of 3rd period - Ben Chiarot is hit by Brad Marchand and loses puck.
2:29 of 3rd period - Wrist shot by Blake Wheeler.
2:29 of 3rd period - Stopped by Petr Mrazek without a rebound.
2:30 of 3rd period - Dylan Larkin wins face-off versus Charlie Coyle in Boston Bruins zone.
2:41 of 3rd period - Wrist shot by Dylan Larkin.
2:41 of 3rd period - Stopped by Petr Mrazek without a rebound.
2:42 of 3rd period - Dylan Larkin wins face-off versus Charlie Coyle in Boston Bruins zone.
2:55 of 3rd period - Penalty to Charlie McAvoy is over, Charlie McAvoy is back on ice.
2:59 of 3rd period - Snap shot by Dylan Larkin.
2:59 of 3rd period - Stopped by Petr Mrazek without a rebound.
3:00 of 3rd period - Brad Marchand wins face-off versus Dylan Larkin in Boston Bruins zone.
3:27 of 3rd period - Jake DeBrusk is hit by Daniel Sprong and loses puck.
3:50 of 3rd period - Wrist shot by David Perron.
3:50 of 3rd period - Stopped by Petr Mrazek with a rebound.
4:20 of 3rd period - Snap shot by Patrice Bergeron.
4:20 of 3rd period - Shot Blocked by Derek Forbort.
4:28 of 3rd period - Snap shot by Patrice Bergeron.
4:28 of 3rd period - Stopped by Petr Mrazek with a rebound.
4:30 of 3rd period - Slapshot by Trevor Van-Riemsdyk.
4:30 of 3rd period - Stopped by Petr Mrazek with a rebound.
5:24 of 3rd period - Snap shot by David Pastrnak.
5:24 of 3rd period - Stopped by James Reimer without a rebound.
5:25 of 3rd period - Dylan Larkin wins face-off versus Charlie Coyle in Detroit Red Wings zone.
5:27 of 3rd period - Minor Penalty to Ben Chiarot for Roughing.
5:28 of 3rd period - Andrew Copp wins face-off versus Pavel Zacha in Detroit Red Wings zone.
6:22 of 3rd period - Moritz Seider is hit by Dominik Kubalik and loses puck.
6:42 of 3rd period - Icing by Derek Forbort.
6:43 of 3rd period - Jonathan Toews wins face-off versus Charlie Coyle in Boston Bruins zone.
7:22 of 3rd period - David Pastrnak is hit by Shayne Gostisbehere and loses puck.
7:27 of 3rd period - Penalty to Ben Chiarot is over, Ben Chiarot is back on ice.
7:35 of 3rd period - Alex DeBrincat is hit by Trent Frederic and loses puck.
7:42 of 3rd period - Snap shot by Trent Frederic.
7:42 of 3rd period - Stopped by James Reimer without a rebound.
7:43 of 3rd period - Dylan Larkin wins face-off versus Trent Frederic in Detroit Red Wings zone.
7:43 of 3rd period - Dylan Larkin is hit by Alec Regula.
7:50 of 3rd period - Off-side.
7:51 of 3rd period - Dylan Larkin wins face-off versus Jesper Fast in neutral zone.
8:12 of 3rd period - Slapshot by Hampus Lindholm.
8:12 of 3rd period - Stopped by James Reimer without a rebound.
8:13 of 3rd period - Charlie Coyle wins face-off versus Patrice Bergeron in Detroit Red Wings zone.
8:20 of 3rd period - Snap shot by Shayne Gostisbehere.
8:20 of 3rd period - Stopped by Petr Mrazek without a rebound.
8:21 of 3rd period - Patrice Bergeron wins face-off versus Charlie Coyle in Boston Bruins zone.
8:25 of 3rd period - Minor Penalty to David Perron for Hooking.
8:26 of 3rd period - Patrice Bergeron wins face-off versus Charlie Coyle in Detroit Red Wings zone.
8:30 of 3rd period - Off-side.
8:31 of 3rd period - Charlie Coyle wins face-off versus Patrice Bergeron in neutral zone.
9:04 of 3rd period - Snap shot by Jake DeBrusk.
9:04 of 3rd period - Shot Misses the Net.
9:06 of 3rd period - Snap shot by Charlie McAvoy.
9:06 of 3rd period - Shot Misses the Net.
9:08 of 3rd period - Snap shot by Hampus Lindholm.
9:08 of 3rd period - Shot Misses the Net.
10:25 of 3rd period - Penalty to David Perron is over, David Perron is back on ice.
11:16 of 3rd period - Icing by Jonathan Toews.
11:17 of 3rd period - Jonathan Toews wins face-off versus Trent Frederic in Detroit Red Wings zone.
11:28 of 3rd period - Slapshot by Shayne Gostisbehere.
11:28 of 3rd period - Deflect By Jesper Fast.
11:28 of 3rd period - Stopped by Petr Mrazek without a rebound.
11:29 of 3rd period - Charlie Coyle wins face-off versus Dylan Larkin in Boston Bruins zone.
11:29 of 3rd period - Charlie Coyle is hit by Dylan Larkin.
12:30 of 3rd period - Trent Frederic is hit by Moritz Seider and loses puck.
13:07 of 3rd period - Wrist shot by Andrew Copp.
13:07 of 3rd period - Shot Blocked by Alec Regula.
13:09 of 3rd period - Slapshot by Ben Chiarot.
13:09 of 3rd period - Shot Misses the Net.
13:11 of 3rd period - Snap shot by Ben Chiarot.
13:11 of 3rd period - Stopped by Petr Mrazek with a rebound.
13:32 of 3rd period - Snap shot by Jake DeBrusk.
13:32 of 3rd period - Shot Misses the Net.
13:40 of 3rd period - Snap shot by Jake DeBrusk.
13:40 of 3rd period - Stopped by James Reimer with a rebound.
13:54 of 3rd period - Snap shot by Dominik Kubalik.
13:54 of 3rd period - Stopped by James Reimer without a rebound.
13:55 of 3rd period - Dylan Larkin wins face-off versus Pavel Zacha in Detroit Red Wings zone.
14:49 of 3rd period - Ben Chiarot is hit by Milan Lucic and loses puck.
15:33 of 3rd period - Wrist shot by Morgan Geekie.
15:33 of 3rd period - Stopped by James Reimer without a rebound.
15:34 of 3rd period - Patrice Bergeron wins face-off versus Patrick Brown in Detroit Red Wings zone.
15:49 of 3rd period - Wrist shot by David Perron.
15:49 of 3rd period - Shot Misses the Net.
16:08 of 3rd period - Slapshot by Derek Forbort.
16:08 of 3rd period - Shot Blocked by Trevor Van-Riemsdyk.
16:10 of 3rd period - Snap shot by Erik Brannstrom.
16:10 of 3rd period - Stopped by James Reimer without a rebound.
16:11 of 3rd period - Pavel Zacha wins face-off versus Dylan Larkin in Detroit Red Wings zone.
16:43 of 3rd period - Slapshot by Shayne Gostisbehere.
16:43 of 3rd period - Deflect By Charlie McAvoy.
16:43 of 3rd period - Stopped by Petr Mrazek with a rebound.
17:23 of 3rd period - Snap shot by Alex DeBrincat.
17:23 of 3rd period - Stopped by Petr Mrazek without a rebound.
17:24 of 3rd period - Dylan Larkin wins face-off versus Patrick Brown in Boston Bruins zone.
17:27 of 3rd period - Slapshot by Alex DeBrincat.
17:27 of 3rd period - Shot Blocked by Alec Regula.
17:49 of 3rd period - Wrist shot by Alex DeBrincat.
17:49 of 3rd period - Stopped by Petr Mrazek without a rebound.
17:50 of 3rd period - Jonathan Toews wins face-off versus Jesper Fast in Boston Bruins zone.
18:00 of 3rd period - Minor Penalty to Hampus Lindholm for Charging.
18:01 of 3rd period - Dylan Larkin wins face-off versus Pavel Zacha in Boston Bruins zone.
18:01 of 3rd period - Wrist shot by Alex DeBrincat.
18:01 of 3rd period - Stopped by Petr Mrazek without a rebound.
18:02 of 3rd period - Pavel Zacha wins face-off versus Dylan Larkin in Boston Bruins zone.
18:02 of 3rd period - Pavel Zacha is hit by Dylan Larkin.
18:47 of 3rd period - Jonathan Toews is hit by Charlie McAvoy and loses puck.
0:00 - Penalty to Hampus Lindholm is over, Hampus Lindholm is back on ice.
Goals for this period are 0 for Boston Bruins vs 0 for Detroit Red Wings.
Shots for this period are 8 for Boston Bruins vs 13 for Detroit Red Wings.